 Dungeon Crawl Stone Soup version 0.31-a0-187-gba352fbbf7 (webtiles) character file.

Game seed: 9820002591325441965

144 qw the Skirmisher (level 5, -8/29 HPs)
             Began as a Deep Elf Hunter on June 22, 2023.
             Succumbed to a scorpion's poison
             ... on level 4 of the Dungeon.
             The game lasted 00:00:56 (2617 turns).

qw the Skirmisher (Deep Elf Hunter)                 Turns: 2617, Time: 00:00:56

Health: -8/29      AC:  6    Str: 10    XL:     5   Next: 5%
Magic:  7/7        EV: 11    Int: 14    God:
Gold:   154        SH:  0    Dex: 18    Spells: 4/4 levels left

rFire   . . .        Y - +0 shortbow
rCold   . . .        (shield currently unavailable)
rNeg    . . .        b - +0 ring mail
rPois   .            (no helmet)
rElec   .            e - +0 cloak
rCorr   .            (no gloves)
SInv    .            (no boots)
Will    .....        (no amulet)
Stlth   +            (no ring)
HPRegen 0.24/turn    (no ring)
MPRegen 0.10/turn

%: no passive effects
@: lethally poisoned (-8 -> -47)
A: no striking features
a: no special abilities


You were on level 4 of the Dungeon.
You visited 1 branch of the dungeon, and saw 4 of its levels.

You collected 154 gold pieces.


   Skills:
 - Level 1.5 Fighting
 + Level 8.4 Ranged Weapons
 - Level 2.4 Dodging
 - Level 1.2 Stealth


You had 4 spell levels left.
You didn't know any spells.
Your spell library was empty.

Inventory:

Hand Weapons
 Y - a +0 shortbow (weapon)
Armour
 b - a +0 ring mail (worn)
 e - a +0 cloak (worn)
Potions
 a - a potion of ambrosia {unknown}
 f - a potion of lignification {unknown}
 g - a potion of brilliance {unknown}
 h - a potion of cancellation {unknown}
 k - a potion of might {unknown}
 l - a potion of invisibility {unknown}

Dungeon Overview and Level Annotations

Branches:
Dungeon (4/15)
 Temple: D:4-7

Altars:
Hepliaklqana
Qazlal
Ru


Message History

The scorpion stings you.
You are poisoned.
The scorpion poisons you!
You shoot an arrow.
The arrow hits the scorpion but does no damage.
The scorpion is lightly wounded.
You feel very sick. The scorpion stings you.
You are lethally poisoned!
The scorpion poisons you!
The scorpion stings you but does no damage.
You shoot an arrow. The arrow hits the scorpion!
The scorpion is severely wounded.
You feel very sick. The scorpion stings you.
You shoot an arrow. The arrow hits the scorpion.
The scorpion is severely wounded.
You feel very sick. The scorpion stings you. x2
2614 ||| DRINKING potion of heal wounds.
You feel much better.
You feel very sick.
The scorpion stings you but does no damage.
You shoot an arrow. The arrow hits the scorpion.
The scorpion is almost dead.
You feel very sick. The scorpion stings you.
You are lethally poisoned!
The scorpion poisons you!
You shoot an arrow. The arrow closely misses the scorpion.
You feel very sick. The scorpion stings you.
You are more poisoned.
The scorpion poisons you! The scorpion stings you.
You are more poisoned.
The scorpion poisons you!
You shoot an arrow.
The arrow hits the scorpion but does no damage.
The scorpion is severely wounded.
You die...

##. ##. .. #.. ..#|#
###.#.# #.#...#.# #.#
....# #.####.s#
#.#....@#####
#.#.#.......#
#.#.#.#####.##
##............#
..#.##....#8).8#...#
.........##...)##..#
########.##......##.#
.......<.###....###.#
#######..# ###### #.#


You could see a scorpion.

Vanquished Creatures
  Jessica (D:3)
  3 gnolls (D:2)
  2 adders
  A worm (D:3)
  A dart slug (D:1)
  5 ball pythons
  5 endoplasms
  4 giant cockroaches
  8 goblins
  7 hobgoblins
  4 quokkas
  9 bats
  A frilled lizard (D:1)
  6 kobolds
  8 rats
65 creatures vanquished.

Notes
Turn   | Place    | Note
-------+----------+-------------------------------------------
     0 | D:1      | qw the Deep Elf Hunter began the quest for the Orb.
     0 | D:1      | Reached XP level 1. HP: 12/12 MP: 3/3
     0 | D:1      | 0 ||| qw: Version: 0.3-a-9-g12657ce
     0 | D:1      | 0 ||| qw: Game counter: 2557
     0 | D:1      | 0 ||| qw: Always use a shield: true
     0 | D:1      | 0 ||| qw: God list: Okawaru
     0 | D:1      | 0 ||| qw: Allow faded altars: false
     0 | D:1      | 0 ||| qw: Do Orc after D:15 true
     0 | D:1      | 0 ||| qw: Do second Lair branch before Depths: true
     0 | D:1      | 0 ||| qw: Lair rune preference: random
     0 | D:1      | 0 ||| qw: Plans: Normal
     0 | D:1      | 0 ||| PLANNING D:1-11
   147 | D:1      | Reached XP level 2. HP: 16/16 MP: 4/4
   157 | D:1      | Reached skill level 6 in Ranged Weapons
   681 | D:1      | 681 ||| UPGRADING to +0 cloak.
   686 | D:1      | 686 ||| READING scroll labelled JUEGET ZYNK.
   687 | D:1      | 687 ||| READING scroll labelled CARIXZ FOTUPT.
   688 | D:1      | 688 ||| READING scroll labelled LASTRAEGOAZET.
   692 | D:1      | 692 ||| READING scroll labelled RAONNI SUME.
   693 | D:1      | 693 ||| DRINKING 2 smoky clear potions.
   694 | D:1      | 694 ||| DROPPING scroll of butterflies.
   731 | D:2      | Reached XP level 3. HP: 20/20 MP: 5/5
   881 | D:2      | Reached skill level 7 in Ranged Weapons
   888 | D:2      | 888 ||| FLEEEEING.
   889 | D:2      | 889 ||| FLEEEEING.
   890 | D:2      | 890 ||| FLEEEEING.
   892 | D:2      | 892 ||| FLEEEEING.
   893 | D:2      | 893 ||| FLEEEEING.
   894 | D:2      | 894 ||| FLEEEEING.
   895 | D:2      | 895 ||| FLEEEEING.
   896 | D:2      | 896 ||| FLEEEEING.
   897 | D:2      | 897 ||| FLEEEEING.
   898 | D:2      | 898 ||| FLEEEEING.
   899 | D:2      | 899 ||| FLEEEEING.
   900 | D:2      | 900 ||| FLEEEEING.
   901 | D:2      | 901 ||| FLEEEEING.
   901 | D:2      | You fall into a shaft and drop 1 floor!
  1036 | D:3      | Reached XP level 4. HP: 25/25 MP: 6/6
  1106 | D:3      | 1106 ||| READING scroll labelled IROTUNK MOUWIWN.
  1119 | D:2      | Found a faded altar of an unknown god.
  1749 | D:2      | 1749 ||| READING scroll labelled IKEEGA HENE.
  2023 | D:3      | Reached skill level 8 in Ranged Weapons
  2131 | D:3      | Noticed Jessica
  2134 | D:3      | Killed Jessica
  2147 | D:3      | Found a hazy altar of Hepliaklqana.
  2197 | D:3      | Reached XP level 5. HP: 29/29 MP: 7/7
  2541 | D:3      | 2541 ||| UPGRADING to +0 ring mail.
  2551 | D:3      | 2551 ||| DROPPING +0 leather armour.
  2577 | D:4      | Found a stormy altar of Qazlal.
  2579 | D:4      | Found a sacrificial altar of Ru.
  2613 | D:4      | HP: 5/29 [scorpion (6)]
  2614 | D:4      | 2614 ||| DRINKING potion of heal wounds.
  2616 | D:4      | HP: 1/29 [scorpion (4)]
  2617 | D:4      | Succumbed to a scorpion's poison

Levels and vault maps discovered:
D:1:      amcnicky_arrival_abandoned_market, layout_loops_ring
D:2:      layout_basic, shapermc_ecumenical_altar_gd
D:3:      layout_basic, nicolae_hepliaklqana_hippocampus, serial_corexii_hall,
          corexii_hall_statues_l, corexii_hall_statues_x, uniq_jessica
D:4:      old_forge, layout_basic, jmf_multi_god_temple, lemuel_tele_altar,
          minmay_temple_entry_stoned_glass

Skill      XL: |  1  2  3  4 |
---------------+-------------+-----
Ranged Weapons | 6 7 8 |  8.4
Fighting       | |  1.5
Dodging        | |  2.4
Stealth        | |  1.2

Action                     |  1- 3 |  4- 6 || total
---------------------------+-------+-------++-------
   Fire: Shortbow          |    98 |   103 ||   201
    Use: Scroll            |     4 |     2 ||     6
         Potion            |     1 |     1 ||     2
 Armour: Leather armour    |    11 |    10 ||    21
         Ring mail         |       |     2 ||     2
  Dodge: Dodged            |    10 |    18 ||    28

Table legend:
 A = Non-vault XP
 B = Vault XP
 C = Vault XP percentage of total XP
 D = Non-vault monster count
 E = Vault monster count
 F = Vault count percentage of total count
                 A         B        C        D         E       F
            +---------+---------+-------+---------+---------+-------
      Total |     167 |      40 |  19.3 |      62 |       3 |   4.6
            +---------+---------+-------+---------+---------+-------
        D:1 |      39 |       0 |   0.0 |      23 |       0 |   0.0
        D:2 |      79 |       0 |   0.0 |      19 |       0 |   0.0
        D:3 |      49 |      37 |  43.0 |      20 |       1 |   4.8
        D:4 |       0 |       3 | 100.0 |       0 |       2 | 100.0
            +---------+---------+-------+---------+---------+-------
